 Dungeon Crawl Stone Soup version 0.20-a0-493-g19c8d8d (webtiles) character file.

58 RandomWanderer the Grasshopper (level 4, -6/27 HPs)
             Began as a Halfling Wanderer on Jan 16, 2017.
             Killed from afar by Terence (13 damage)
             ... with a wand of flame (?/48)
             ... on level 2 of the Dungeon.
             The game lasted 00:06:45 (1840 turns).

RandomWanderer the Grasshopper (Halfling Wanderer)  Turns: 1840, Time: 00:06:46

Health: -6/27      AC:  2    Str: 10    XL:     4   Next: 21%
Magic:  4/5        EV: 13    Int: 14    God:
Gold:   24         SH:  0    Dex: 13    Spells: 2/5 levels left

rFire    . . .     SeeInvis .   c - +1 dagger (venom)
rCold    . . .     Gourm    .   d - +0 robe
rNeg     . . .     Faith    +   (shield restricted)
rPois    .         Spirit   .   (no helmet)
rElec    .         Reflect  .   (no cloak)
rCorr    .         Harm     .   (no gloves)
MR       .....                  (no boots)
Stlth    ++........             g - amulet of faith
Regen    0.1/turn               (no ring)
                                (no ring)

@: no status effects
A: mutation resistance 1
a: no special abilities


You were on level 2 of the Dungeon.
You were not hungry.

You visited 1 branch of the dungeon, and saw 2 of its levels.

You collected 24 gold pieces.

Inventory:

Hand Weapons
 c - a +1 dagger of venom (weapon)
Armour
 d - a +0 robe (worn)
Jewellery
 g - an amulet of faith (around neck)
 m - an uncursed ring of resist corrosion {unknown}
Scrolls
 e - a scroll of immolation {unknown}
 h - a scroll of noise {unknown}
 i - a scroll of enchant weapon {unknown}
 j - 5 scrolls of identify {unknown}
Potions
 n - a potion of might {unknown}
Books
 a - a book of Spatial Translocations

   Spells                             Type                      Level
   a - Blink                          Translocation                2
   b - Shroud of Golubria             Charms/Translocation         2
   c - Lesser Beckoning               Translocation                3
   d - Portal Projectile              Translocation                3
   e - Teleport Other                 Translocation                3
   f - Passage of Golubria            Translocation                4
 b - the Volume of the Volcanoes

   Spells                             Type                      Level
   a - Flame Tongue                   Conjuration/Fire             1
   b - Inner Flame                    Hexes/Fire                   3
Comestibles
 f - a bread ration
 l - a meat ration


   Skills:
 - Level 2.1 Stealth
 * Level 1.0 Spellcasting
 * Level 1.4 Conjurations
   Level 1.1 Charms
 - Level 3.2 Translocations
 - Level 3.0 Fire Magic
   Level 2.0 Earth Magic


You had 2 spell levels left.
You knew the following spells:

 Your Spells              Type           Power        Failure   Level  Hunger
a - Flame Tongue          Conj/Fire      #....        14%         1    ##.....
b - Blink                 Tloc           N/A          12%         2    ###....


Dungeon Overview and Level Annotations

Branches:
Dungeon (2/15)

Altars:

Annotations:
D:2 Terence


Innate Abilities, Weirdness & Mutations

You are small and have problems with some larger weapons.
You are somewhat resistant to further mutation.


Message History

Press: ? - help, Shift-Dir - straight line, f/p - Terence
Aim: Terence, wielding a mace and wearing a scale mail The flame tongue hits Terence.
Terence is moderately wounded.
Terence hits you with a mace.
You hit Terence but do no damage.
Terence is moderately wounded.
Terence zaps a wand.
The puff of flame hits you!
It is a wand of flame (?/48).
You hit Terence but do no damage.
Terence is poisoned.
Terence is moderately wounded.
Terence asks, "Do you want it fast or slow?"
Terence barely misses you.
You hit Terence but do no damage.
Terence is moderately wounded.
Terence says, "Did you write a will?
You should..."
Terence hits you with a mace.
* * * LOW HITPOINT WARNING * * *
Unknown command.
Terence zaps a wand.
The puff of flame hits you!
You die...

# #.#g#####
#### #.......#
#... ###.###.#
#... # #g# #...
#@# #... #.#
#... #.######
#... #...#
#.@....# ####
#...# ######.#
#...# #.# #...#
#.# #...# #.#
#...# #.# ##
#...#########.#
#.
#...##...<....#
#.
#...##........#
#.


You could see Terence and a hobgoblin.

Vanquished Creatures
  Ijyb (D:2)
  A worm (D:2)
  4 leopard geckos
  4 bats
  A giant cockroach (D:1)
  4 goblins
  4 hobgoblins
  4 kobolds
  A frilled lizard (D:1)
  2 rats
26 creatures vanquished.

Notes
Turn   | Place    | Note
-------+----------+-------------------------------------------
     0 | D:1      | RandomWanderer the Halfling Wanderer began the quest for the Orb.
     0 | D:1      | RandomWanderer set off with: a book of Spatial Translocations, the Volume of the Volcanoes, a potion of lignification, a +0 robe, a +0 dagger, a bread ration
     0 | D:1      | Reached XP level 1. HP: 11/11 MP: 2/2
     1 | D:1      | Identified the Volume of the Volcanoes
     3 | D:1      | Learned a level 1 spell: Flame Tongue
   390 | D:1      | Reached XP level 2. HP: 10/17 MP: 0/3
   611 | D:1      | Learned a level 2 spell: Blink
  1112 | D:2      | Reached XP level 3. HP: 21/21 MP: 2/4
  1455 | D:2      | Reached skill level 1 in Conjurations
  1747 | D:2      | Noticed Ijyb
  1766 | D:2      | Killed Ijyb
  1766 | D:2      | Reached XP level 4. HP: 25/27 MP: 2/5
  1824 | D:2      | Noticed Terence
  1840 | D:2      | Killed from afar by Terence

Vault maps used:
D:1:      lightli_arrival_flooded_house, minivault_19
D:2:      uniq_iyjb, uniq_terence

Skill      XL: |  1  2  3 |
---------------+----------+-----
Fire Magic     | 2 3 |  3.0
Conjurations   | 1 |  1.4
Stealth        | |  2.1
Spellcasting   | |  1.0
Charms         | |  1.1
Translocations | |  3.2
Earth Magic    | |  2.0

Action                   |  1- 3 |  4- 6 || total
-------------------------+-------+-------++-------
Melee: Dagger            |    60 |     5 ||    65
 Cast: Flame Tongue      |    23 |     2 ||    25
  Use: Potion            |     1 |       ||     1
 Stab: Sleeping          |     3 |       ||     3
  Eat: Chunk             |     4 |       ||     4
Armor: Skin              |     6 |       ||     6
       Robe              |     5 |       ||     5
Dodge: Dodged            |    48 |     2 ||    50
